 Dungeon Crawl Stone Soup version 0.25.1-8-g42b30a86e7 (webtiles) character file.

Game seed: 9361705960982062191

151 Abzac the Covered (level 5, -1/32 HPs)
             Began as a Gargoyle Fighter on Dec 16, 2020.
             Killed by nerve-wracking pain
             ... invoked by an orc priest
              (7 damage)
             ... on level 3 of the Dungeon.
             The game lasted 00:04:21 (2319 turns).

Abzac the Covered (Gargoyle Fighter)                Turns: 2319, Time: 00:04:21

Health: -1/32      AC: 14    Str: 20    XL:     5   Next: 33%
Magic:  5/5        EV:  5    Int:  9    God:
Gold:   111        SH:  9    Dex:  9    Spells: 4/4 levels left

rFire    . . .     SeeInvis .   a - +1 flail
rCold    . . .     Gourm    .   c - +0 kite shield
rNeg     + . .     Faith    .   q - +0 chain mail
rPois    ∞         Spirit   .   (no helmet)
rElec    +         Reflect  .   (no cloak)
rCorr    .         Harm     .   (no gloves)
MR       .....                  (no boots)
Stlth    ..........             (no amulet)
HPRegen  0.10/turn              m - ring of poison resistance
MPRegen  0.09/turn              (no ring)

@: no status effects
A: negative energy resistance 1, electricity resistance, unbreathing,
petrification resistance, rot immunity, AC +4
a: no special abilities


You were on level 3 of the Dungeon.
You were not hungry.

You visited 1 branch of the dungeon, and saw 3 of its levels.

You collected 111 gold pieces.

Inventory:

Hand Weapons
 a - a +1 flail (weapon)
Armour
 b - a +0 scale mail
 c - a +0 kite shield (worn)
 q - a +0 chain mail (worn)
Jewellery
 m - a ring of poison resistance (left hand)
 p - an uncursed amulet of regeneration {unknown}
Scrolls
 h - a scroll of immolation {unknown}
 j - 2 scrolls of teleportation {unknown}
 k - a scroll of amnesia
 l - a scroll of fog {unknown}
 n - 3 scrolls of identify {unknown}
 t - a scroll of remove curse {unknown}
 u - a scroll of noise {unknown}
 v - a scroll of blinking {unknown}
Potions
 d - a potion of might
 e - 2 potions of curing {unknown}
 g - a potion of degeneration {unknown}
 i - a potion of heal wounds {unknown}
 o - a potion of brilliance {unknown}
 s - a potion of stabbing {unknown}
 w - a potion of ambrosia {unknown}
Comestibles
 f - 6 rations
 r - 3 chunks of flesh


   Skills:
 - Level 3.2 Fighting
 - Level 2.0 Maces & Flails
 * Level 5.6 Armour
 + Level 4.5 Shields


You had 4 spell levels left.
You didn't know any spells.
Your spell library was empty.

Dungeon Overview and Level Annotations

Branches:
Dungeon (3/15)

Altars:


Innate Abilities, Weirdness & Mutations

You are resistant to torment.
Your stone body is resilient. (AC +4)
You are immune to poison.
You resist negative energy. (rN+)
You are resistant to electric shocks. (rElec)
You can survive without breathing.
You are immune to petrification.
You are immune to rotting.


Message History

You hit the orc.
The orc is lightly wounded.
The orc priest mumbles some strange prayers to Beogh against you.
Beogh smites you! You block the orc's attack.
The orc priest calls upon Beogh to heal the orc.
The orc's wounds heal themselves!
You closely miss the orc priest. You block the orc priest's attack.
You block the orc's attack.
You hit the orc priest.
The orc priest is moderately wounded.
The orc priest hits you but does no damage.
The orc priest invokes the aid of Beogh against you.
Beogh smites you!
Ouch! That really hurt!
* * * LOW HITPOINT WARNING * * *
The orc hits you with a +0 trident.
* * * LOW HITPOINT WARNING * * *
The orc priest mumbles some strange prayers to Beogh against you.
Pain shoots through your body!
You die...

#.........##.≈....≈≈..#
+.........'....≈..≈≈≈♣÷
#.........##≈.≈≈♣≈≈..≈.
#.......###...♣...≈##.
##.....## #≈≈♣≈≈≈♣.♣≈.
##...## ####....≈.##
##'## ≈...≈≈##
##.#####(.≈≈(≈♣.##
#..@.....# .≈≈
#o)#####.# #.o.#
...o... .........#
#...#.$#### #####.## #.
#.


You could see 2 orc priests and an orc.

Vanquished Creatures
  2 orc wizards (D:2)
  5 adders
  2 dart slugs (D:1)
  2 leopard geckos (D:2)
  An orc (D:2)
  4 giant cockroaches
  5 goblins (D:2)
  6 hobgoblins
  4 kobolds
  A quokka (D:2)
  7 bats
  6 frilled lizards
  6 rats
51 creatures vanquished.

Notes
Turn   | Place    | Note
-------+----------+-------------------------------------------
     0 | D:1      | Abzac the Gargoyle Fighter began the quest for the Orb.
     0 | D:1      | Reached XP level 1. HP: 14/14 MP: 1/1
   335 | D:1      | Reached XP level 2. HP: 19/19 MP: 2/2
   598 | D:1      | Reached skill level 4 in Armour
   900 | D:2      | Reached XP level 3. HP: 19/23 MP: 3/3
  1218 | D:2      | Reached XP level 4. HP: 28/28 MP: 4/4
  1534 | D:2      | Reached skill level 5 in Armour
  1605 | D:2      | Reached XP level 5. HP: 28/32 MP: 5/5
  2319 | D:3      | Killed from afar by an orc priest

Illustrated notes

Levels and vault maps discovered:
D:1:      tarquinn_simple_flora_water_a, layout_loops_corners,
          minmay_misc_feat_five, serial_park_tiny_pond
D:2:      layout_basic, first_ration
D:3:      layout_loops_corners, chequers_serial_rivers_marsh, uniq_ijyb

Skill      XL: |  1  2  3  4 |
---------------+-------------+-----
Armour         | 4 5 |  5.6
Shields        | 4 |  4.5
Fighting       | |  3.2
Maces & Flails | |  2.0

Action                   |  1- 3 |  4- 6 || total
-------------------------+-------+-------++-------
Melee: Flail             |   129 |    86 ||   215
  Use: Scroll            |       |     2 ||     2
  Eat: Chunk             |     1 |     4 ||     5
Armor: Scale mail        |    95 |    39 ||   134
       Chain mail        |       |    11 ||    11
Dodge: Dodged            |    50 |    19 ||    69
Block: Kite shield       |    71 |    46 ||   117
